General information
- name: BNet
- type: Ladder team game (AT/RT)
- host: Battle.net
- saver: KickRocksNewbie
map: MarketSquare
- players: 8
- length: 24:06
- speed: Fast
- version: 1.26 W3XP
- replay type: Public
» download(163 KB)
Players
team 1 (winner)

»
Swerg_ (
pink | 60 APM | 1457 actions | 24:05)
6 Death Knight
3 Death Coil
2 Unholy Aura
1 Animate Dead
4 Dreadlord
2 Sleep
2 Vampiric Aura
» actions
| Assign group hotkey | 23 | |
| Build / train | 63 | |
| Enter build submenu | 23 | |
| Enter hero's abilities submenu | 10 | |
| Right click | 669 | |
| Select / deselect | 188 | |
| Select group hotkey | 417 | |
| Use ability | 64 | |
1457 total
» units
| Acolyte | 7 | |
| Ghoul | 3 | |
| Crypt Fiend | 12 | |
| Frost Wyrm | 4 | |
26 total
» upgrades
| Creature Carapace | 3 | |
| Creature Attack | 3 | |
| Web | 1 | |
| Burrow | 1 | |
| Freezing Breath | 1 | |
9 total
» buildings
| Crypt | 1 | |
| Ziggurat | 13 | |
| Altar of Darkness | 1 | |
| Graveyard | 1 | |
| Tomb of Relics | 1 | |
| Spirit Tower | 3 | |
| Halls of the Dead | 1 | |
| Nerubian Tower | 3 | |
| Black Citadel | 1 | |
| Sacrificial Pit | 1 | |
| Boneyard | 3 | |
29 total
» build order
00:13 Crypt
00:15 Ziggurat
00:32 Altar of Darkness
00:52 Graveyard
01:08 Ziggurat
01:51 Tomb of Relics
02:38 Ziggurat
04:25 Ziggurat
06:10 Spirit Tower
09:23 Halls of the Dead
10:03 Ziggurat
10:04 Ziggurat
10:06 Ziggurat
10:08 Ziggurat
11:08 Nerubian Tower
11:10 Spirit Tower
11:40 Ziggurat
12:00 Black Citadel
12:02 Sacrificial Pit
12:38 Nerubian Tower
15:11 Boneyard
15:13 Boneyard
15:15 Boneyard
19:52 Ziggurat
19:53 Ziggurat
22:14 Spirit Tower
22:17 Ziggurat
22:17 Ziggurat
24:04 Nerubian Tower
» items
| Rod of Necromancy | 2 | |
| Scroll of Healing | 2 | |
| Scroll of Town Portal | 3 | |
| Orb of Corruption | 1 | |
8 total

»
KiLLtheFaGs (
purple | 81 APM | 1946 actions | 24:05)
6 Death Knight
3 Death Coil
2 Unholy Aura
1 Animate Dead
» actions
| Assign group hotkey | 24 | |
| Build / train | 73 | |
| Enter build submenu | 22 | |
| Enter hero's abilities submenu | 6 | |
| Remove unit from queue | 1 | |
| Right click | 871 | |
| Select / deselect | 213 | |
| Select group hotkey | 676 | |
| Use ability | 60 | |
1946 total
» units
| Acolyte | 7 | |
| Ghoul | 3 | |
| Crypt Fiend | 18 | |
| Obsidian Statue | 8 | |
| Gargoyle | 7 | |
43 total
» upgrades
| Creature Carapace | 3 | |
| Creature Attack | 3 | |
| Web | 1 | |
| Burrow | 1 | |
| Destroyer Form | 1 | |
| Backpack | 1 | |
10 total
» buildings
| Altar of Darkness | 1 | |
| Ziggurat | 15 | |
| Crypt | 1 | |
| Graveyard | 1 | |
| Nerubian Tower | 2 | |
| Tomb of Relics | 1 | |
| Spirit Tower | 5 | |
| Halls of the Dead | 1 | |
| Necropolis | 1 | |
| Black Citadel | 1 | |
| Slaughterhouse | 1 | |
30 total
» build order
00:04 Altar of Darkness
00:09 Ziggurat
00:37 Crypt
01:00 Graveyard
01:12 Nerubian Tower
01:28 Ziggurat
02:22 Tomb of Relics
03:19 Ziggurat
04:41 Spirit Tower
06:45 Halls of the Dead
08:49 Ziggurat
09:53 Necropolis
10:38 Black Citadel
11:49 Ziggurat
11:51 Ziggurat
11:56 Ziggurat
12:02 Ziggurat
12:55 Spirit Tower
12:56 Spirit Tower
13:22 Slaughterhouse
14:22 Ziggurat
14:27 Ziggurat
14:29 Ziggurat
15:17 Spirit Tower
16:43 Spirit Tower
17:12 Nerubian Tower
20:37 Ziggurat
20:38 Ziggurat
20:41 Ziggurat
20:43 Ziggurat
» items
| Rod of Necromancy | 1 | |
| Scroll of Town Portal | 1 | |
2 total

»
sam12 (
orange | 47 APM | 1144 actions | 24:05)
6 Archmage
3 Summon Water Elemental
2 Brilliance Aura
1 Mass Teleport
3 Paladin
2 Holy Light
1 Divine Shield
» actions
| Assign group hotkey | 14 | |
| Basic commands | 45 | |
| Build / train | 83 | |
| Enter build submenu | 26 | |
| Enter hero's abilities submenu | 9 | |
| Right click | 470 | |
| Select / deselect | 296 | |
| Select group hotkey | 118 | |
| Use ability | 83 | |
1144 total
» units
| Peasant | 15 | |
| Footman | 7 | |
| Mortar Team | 7 | |
| Sorceress | 8 | |
| Siege Engine | 6 | |
43 total
» upgrades
| Masonry | 2 | |
| Lumber Harvesting | 1 | |
| Sorceress Training | 2 | |
| Flare | 1 | |
| Armor | 1 | |
| Gunpowder | 1 | |
| Barrage | 1 | |
| Fragmentation Shards | 1 | |
| Plating | 3 | |
13 total
» buildings
| Farm | 15 | |
| Altar of Kings | 1 | |
| Barracks | 1 | |
| Arcane Vault | 1 | |
| Scout Tower | 3 | |
| Arcane Tower | 2 | |
| Keep | 1 | |
| Lumber Mill | 1 | |
| Town Hall | 1 | |
| Guard Tower | 1 | |
| Blacksmith | 1 | |
| Arcane Sanctum | 2 | |
| Workshop | 3 | |
| Castle | 1 | |
34 total
» build order
00:09 Farm
00:39 Altar of Kings
01:00 Barracks
01:22 Farm
01:28 Farm
02:07 Arcane Vault
02:18 Scout Tower
03:11 Arcane Tower
03:37 Farm
04:56 Keep
04:59 Lumber Mill
05:09 Town Hall
05:14 Scout Tower
05:15 Scout Tower
06:39 Arcane Tower
06:40 Guard Tower
06:45 Blacksmith
07:31 Arcane Sanctum
07:39 Workshop
08:31 Workshop
08:36 Farm
08:38 Farm
10:38 Castle
11:01 Farm
11:20 Farm
11:21 Farm
11:23 Farm
11:27 Farm
16:14 Arcane Sanctum
17:56 Workshop
20:59 Farm
21:00 Farm
21:01 Farm
21:02 Farm
» items
| Scroll of Regeneration | 1 | |
| Scroll of Town Portal | 5 | |
| Potion of Healing | 4 | |
10 total
KickRocksNewbie (
blue | 55 APM | 1334 actions | 24:06)
6 Blademaster
3 Wind Walk
2 Critical Strike
1 Bladestorm
» actions
| Assign group hotkey | 56 | |
| Basic commands | 10 | |
| Build / train | 53 | |
| Enter build submenu | 49 | |
| Enter hero's abilities submenu | 6 | |
| Give item / drop item | 4 | |
| Remove unit from queue | 3 | |
| Right click | 617 | |
| Select / deselect | 263 | |
| Select group hotkey | 94 | |
| Use ability | 179 | |
1334 total
» units
| Peon | 14 | |
| Grunt | 4 | |
| Troll Batrider | 4 | |
22 total
» upgrades
| Ranged Weapons | 2 | |
| Armor | 1 | |
| Reinforced Defenses | 1 | |
4 total
» buildings
| Orc Burrow | 4 | |
| Altar of Storms | 1 | |
| Barracks | 1 | |
| Voodoo Lounge | 1 | |
| War Mill | 1 | |
| Watch Tower | 30 | |
| Great Hall | 2 | |
| Stronghold | 1 | |
| Fortress | 1 | |
| Beastiary | 4 | |
46 total
» build order
00:13 Orc Burrow
00:56 Orc Burrow
01:11 Altar of Storms
01:13 Barracks
01:59 Voodoo Lounge
02:21 War Mill
02:57 Orc Burrow
04:20 Watch Tower
04:24 Watch Tower
05:39 Great Hall
06:49 Great Hall
07:11 Watch Tower
07:12 Watch Tower
07:15 Watch Tower
07:15 Watch Tower
07:16 Watch Tower
07:42 Watch Tower
07:43 Watch Tower
08:31 Watch Tower
08:42 Watch Tower
10:38 Watch Tower
10:40 Watch Tower
10:42 Watch Tower
10:43 Watch Tower
11:39 Stronghold
12:59 Watch Tower
13:00 Watch Tower
13:01 Watch Tower
13:09 Watch Tower
13:11 Watch Tower
14:59 Fortress
16:44 Beastiary
16:45 Beastiary
16:45 Beastiary
16:46 Beastiary
17:31 Orc Burrow
18:50 Watch Tower
18:52 Watch Tower
18:54 Watch Tower
20:51 Watch Tower
20:51 Watch Tower
20:52 Watch Tower
20:53 Watch Tower
20:53 Watch Tower
20:54 Watch Tower
20:59 Watch Tower
» items
| Healing Salve | 2 | |
| Boots of Speed | 1 | |
| Scroll of Town Portal | 2 | |
| Potion of Mana | 2 | |
| Orb of Corruption | 1 | |
| Staff of Teleportation | 1 | |
| Potion of Healing | 3 | |
| Scroll of Regeneration | 1 | |
| Lesser Clarity Potion | 2 | |
15 total
team 2 (loser)

»
witchesbreast (
yellow | 57 APM | 1363 actions | 24:05)
4 Warden
2 Shadow Strike
2 Fan of Knives
1 Keeper of the Grove
1 Entangling Roots
» actions
| Assign group hotkey | 17 | |
| Basic commands | 15 | |
| Build / train | 87 | |
| Enter build submenu | 16 | |
| Enter hero's abilities submenu | 5 | |
| Remove unit from queue | 1 | |
| Right click | 493 | |
| Select / deselect | 253 | |
| Select group hotkey | 392 | |
| Use ability | 84 | |
1363 total
» units
| Wisp | 32 | |
| Archer | 12 | |
| Druid of the Claw | 10 | |
| Dryad | 2 | |
| Crypt Fiend | 4 | |
60 total
» upgrades
| Strength of the Moon | 1 | |
| Strength of the Wild | 3 | |
| Reinforced Hides | 2 | |
| Druid of the Claw Training | 2 | |
| Mark of the Claw | 1 | |
| Well Spring | 1 | |
| Abolish Magic | 1 | |
11 total
» buildings
| Altar of Elders | 1 | |
| Moon Well | 6 | |
| Ancient of War | 1 | |
| Hunter's Hall | 1 | |
| Ancient Protector | 9 | |
| Tree of Ages | 1 | |
| Tree of Life | 1 | |
| Tree of Eternity | 2 | |
| Ancient of Lore | 3 | |
25 total
» build order
00:16 Altar of Elders
00:23 Moon Well
00:40 Ancient of War
01:34 Moon Well
03:08 Hunter's Hall
05:25 Ancient Protector
05:26 Ancient Protector
06:41 Tree of Ages
08:05 Moon Well
08:07 Moon Well
09:31 Tree of Life
11:14 Ancient Protector
11:15 Ancient Protector
11:21 Ancient Protector
12:07 Tree of Eternity
13:01 Ancient of Lore
13:02 Ancient of Lore
13:07 Moon Well
13:09 Moon Well
14:39 Ancient Protector
14:41 Ancient Protector
14:49 Ancient Protector
16:52 Ancient of Lore
18:18 Ancient Protector
» items
| Boots of Speed | 1 | |
| Scroll of Town Portal | 2 | |
| Potion of Lesser Invulnerability | 1 | |
4 total
Juliette (
teal | 76 APM | 1806 actions | 23:46)
3 Death Knight
2 Death Coil
1 Unholy Aura
2 Pit Lord
1 Cleaving Attack
1 Howl of Terror
» actions
| Assign group hotkey | 25 | |
| Basic commands | 18 | |
| Build / train | 74 | |
| Enter build submenu | 21 | |
| Enter hero's abilities submenu | 5 | |
| Give item / drop item | 5 | |
| Remove unit from queue | 2 | |
| Right click | 582 | |
| Select / deselect | 236 | |
| Select group hotkey | 748 | |
| Use ability | 90 | |
1806 total
» units
| Acolyte | 14 | |
| Ghoul | 7 | |
| Crypt Fiend | 21 | |
42 total
» upgrades
| Creature Attack | 2 | |
| Creature Carapace | 3 | |
| Burrow | 1 | |
| Web | 1 | |
7 total
» buildings
| Ziggurat | 12 | |
| Crypt | 3 | |
| Graveyard | 1 | |
| Altar of Darkness | 1 | |
| Tomb of Relics | 1 | |
| Spirit Tower | 2 | |
| Halls of the Dead | 2 | |
| Necropolis | 2 | |
| Nerubian Tower | 2 | |
| Black Citadel | 3 | |
| Sacrificial Pit | 1 | |
30 total
» build order
00:34 Ziggurat
00:36 Crypt
00:56 Graveyard
01:04 Ziggurat
01:19 Altar of Darkness
02:04 Tomb of Relics
02:36 Ziggurat
06:40 Spirit Tower
06:45 Ziggurat
06:47 Ziggurat
06:50 Ziggurat
07:28 Halls of the Dead
09:11 Necropolis
12:23 Nerubian Tower
12:53 Ziggurat
12:53 Ziggurat
12:54 Ziggurat
13:17 Ziggurat
13:19 Ziggurat
13:59 Black Citadel
14:05 Sacrificial Pit
14:51 Halls of the Dead
15:21 Necropolis
16:34 Spirit Tower
18:21 Black Citadel
19:04 Ziggurat
19:10 Crypt
19:12 Crypt
20:55 Black Citadel
21:19 Nerubian Tower
» items
| Rod of Necromancy | 1 | |
| Scroll of Town Portal | 5 | |
6 total
time2dienow (
green | 23 APM | 543 actions | 23:47)
4 Death Knight
2 Death Coil
2 Unholy Aura
» actions
| Build / train | 51 | |
| Enter build submenu | 16 | |
| Enter hero's abilities submenu | 4 | |
| Give item / drop item | 1 | |
| Right click | 223 | |
| Select / deselect | 182 | |
| Use ability | 66 | |
543 total
» units
| Acolyte | 3 | |
| Ghoul | 13 | |
| Frost Wyrm | 4 | |
20 total
» upgrades
| Unholy Strength | 1 | |
| Unholy Armor | 1 | |
| Cannibalize | 1 | |
| Creature Attack | 3 | |
| Creature Carapace | 3 | |
| Freezing Breath | 1 | |
10 total
» buildings
| Ziggurat | 7 | |
| Crypt | 1 | |
| Altar of Darkness | 1 | |
| Graveyard | 1 | |
| Nerubian Tower | 1 | |
| Tomb of Relics | 1 | |
| Halls of the Dead | 1 | |
| Spirit Tower | 3 | |
| Black Citadel | 1 | |
| Sacrificial Pit | 1 | |
| Boneyard | 3 | |
21 total
» build order
00:55 Ziggurat
01:04 Crypt
01:08 Altar of Darkness
01:16 Ziggurat
01:39 Graveyard
01:46 Nerubian Tower
02:13 Tomb of Relics
04:30 Ziggurat
04:35 Ziggurat
06:24 Halls of the Dead
06:42 Spirit Tower
06:57 Spirit Tower
07:08 Spirit Tower
08:50 Black Citadel
09:05 Sacrificial Pit
11:05 Ziggurat
11:08 Ziggurat
11:12 Ziggurat
11:37 Boneyard
11:48 Boneyard
12:16 Boneyard
» items
| Rod of Necromancy | 2 | |
| Orb of Corruption | 1 | |
| Potion of Healing | 2 | |
| Potion of Mana | 2 | |
| Scroll of Town Portal | 3 | |
10 total

»
Frizzlegooch (
red | 53 APM | 1263 actions | 23:44)
4 Death Knight
2 Death Coil
2 Unholy Aura
3 Lich
2 Frost Nova
1 Dark Ritual
2 Crypt Lord
1 Impale
1 Spiked Carapace
» actions
| Assign group hotkey | 35 | |
| Build / train | 58 | |
| Enter build submenu | 14 | |
| Enter hero's abilities submenu | 9 | |
| Give item / drop item | 1 | |
| Remove unit from queue | 3 | |
| Right click | 651 | |
| Select / deselect | 258 | |
| Select group hotkey | 177 | |
| Use ability | 57 | |
1263 total
» units
| Acolyte | 7 | |
| Ghoul | 21 | |
| Forest Troll High Priest | 1 | |
| Frost Wyrm | 2 | |
| Gargoyle | 3 | |
34 total
» upgrades
| Cannibalize | 1 | |
| Ghoul Frenzy | 1 | |
| Freezing Breath | 1 | |
| Web | 1 | |
4 total
» buildings
| Altar of Darkness | 1 | |
| Ziggurat | 9 | |
| Crypt | 2 | |
| Tomb of Relics | 1 | |
| Halls of the Dead | 1 | |
| Black Citadel | 1 | |
| Graveyard | 1 | |
| Sacrificial Pit | 1 | |
| Boneyard | 3 | |
20 total
» build order
00:04 Altar of Darkness
00:07 Ziggurat
00:47 Crypt
01:06 Crypt
01:32 Tomb of Relics
02:25 Ziggurat
04:20 Halls of the Dead
04:54 Ziggurat
06:00 Ziggurat
07:25 Black Citadel
10:12 Graveyard
12:43 Sacrificial Pit
13:10 Ziggurat
13:11 Ziggurat
13:15 Ziggurat
13:16 Ziggurat
13:17 Ziggurat
14:41 Boneyard
14:42 Boneyard
14:43 Boneyard
» items
| Rod of Necromancy | 1 | |
| Potion of Healing | 1 | |
| Scroll of Town Portal | 1 | |
3 total
Chat log
(00:24 / Allies) Swerg_: ty
(00:49 / Allies) sam12: morts caster
(05:03 / All) KickRocksNewbie: ofc
(05:05 / All) KickRocksNewbie: fucking mher
(05:15 / Allies) Swerg_: burrow
(05:17 / All) Frizzlegooch: lol its called rush
(06:52 / Allies) Swerg_: counter?
(06:52 / Allies) KickRocksNewbie: gold
(07:28 / Allies) KickRocksNewbie: limber?
(10:32 / Allies) KiLLtheFaGs: thanks
(11:00 / Allies) Swerg_: let him harass it
(11:02 / Allies) Swerg_: and run
(11:14 / Allies) sam12: i dont
(11:15 / All) Frizzlegooch: i pray for you i pray for you i pray for you you plug plug puller
(11:52 / Allies) Swerg_: acs
(11:53 / Allies) KickRocksNewbie: stay
(12:03 / Allies) KickRocksNewbie: stay
(12:29 / All) KickRocksNewbie: You'll cowards don't even smoke crack
(12:35 / All) Frizzlegooch: LOL
(12:55 / Allies) KickRocksNewbie: go get teal expo orange
(15:24 / Allies) Swerg_: coming orange
(15:29 / Allies) KiLLtheFaGs: tp?
(15:31 / Allies) KiLLtheFaGs: or?
(15:38 / Allies) Swerg_: hes fine
(17:17 / Allies) sam12: purp
(17:19 / Allies) sam12: units
(17:25 / Allies) KickRocksNewbie: I'll get bats
(17:39 / Allies) Swerg_: b
(17:59 / Allies) KickRocksNewbie: lumber?
(18:09 / Allies) Swerg_: wood?
(19:06 / Allies) Swerg_: meet
(19:58 / Allies) sam12: need help?
(20:01 / Allies) KickRocksNewbie: yes
(20:06 / Allies) sam12: i go
(21:09 / Allies) KickRocksNewbie: kill their expos
(21:13 / Allies) KickRocksNewbie: I got it
(22:02 / Allies) Swerg_: back purp
(22:04 / Allies) Swerg_: to middle
(22:38 / Allies) sam12: im not there
(23:44 / All) KickRocksNewbie: The Battle of the Two Founts
(23:59 / All) Swerg_: didnt lose one unit
(24:01 / All) witchesbreast: bunch of pussies